 Dungeon Crawl Stone Soup version 0.30-a0-341-g682706514a (webtiles) character file.

Game seed: 4880317825538378922

86 retardedninja the Trooper (level 4, -6/41 HPs)
             Began as a Hill Orc Fighter on Nov 2, 2022.
             Mangled by Crazy Yiuf
             ... wielding a +3 quarterstaff of chaos
              (11 damage)
             ... on level 2 of the Dungeon.
             The game lasted 00:03:42 (2246 turns).

retardedninja the Trooper (Hill Orc Fighter)        Turns: 2246, Time: 00:03:43

Health: -6/41      AC:  8    Str: 20    XL:     4   Next: 50%
Magic:  2/4        EV:  9    Int:  8    God:
Gold:   159        SH:  4    Dex: 10    Spells: 3/3 levels left

rFire   . . .      SeeInvis .    a - +0 war axe
rCold   . . .      Faith    .    c - +0 buckler
rNeg    . . .      Spirit   .    b - +0 scale mail
rPois   .          Reflect  .    (no helmet)
rElec   .          Harm     .    e - +0 cloak
rCorr   .          Rampage  .    (no gloves)
Will    .....                    (no boots)
Stlth   ..........               (no amulet)
HPRegen 0.26/turn                (no ring)
MPRegen 0.09/turn                (no ring)

@: mighty
A: no striking features
a: no special abilities


You were on level 2 of the Dungeon.
You visited 1 branch of the dungeon, and saw 2 of its levels.

You collected 159 gold pieces.

Inventory:

Hand Weapons
 a - a +0 war axe (weapon)
Armour
 b - a +0 scale mail (worn)
 c - a +0 buckler (worn)
 e - a +0 cloak (worn)
Jewellery
 l - a ring of protection from cold
Scrolls
 f - a scroll of vulnerability {unknown}
 g - a scroll of poison {unknown}
 h - a scroll of immolation {unknown}
 j - 2 scrolls of teleportation {unknown}
 n - a scroll of blinking {unknown}
 o - a scroll of torment {unknown}
 p - 2 scrolls of identify {unknown}
Potions
 i - a potion of flight {unknown}
 k - a potion of degeneration {unknown}
 m - a potion of lignification {unknown}


   Skills:
 + Level 4.4 Fighting
 + Level 3.8 Axes
 + Level 4.0 Armour
 + Level 4.0 Shields


You had 3 spell levels left.
You didn't know any spells.
Your spell library contained the following spells:

 Spells                   Type           Power      Damage    Failure   Level
 Shock                    Conj/Air       0%         1d3       85%         1
 Portal Projectile        Hex/Tloc       0%         N/A       99%         3
 Swiftness                Air            0%         N/A       99%         3
 Tukima's Dance           Hex            0%         N/A       99%         3
 Airstrike                Air            0%         2d(0-16)  100%        4
 Passage of Golubria      Tloc           0%         N/A       100%        4
 Blade Hands              Tmut           0%         N/A       100%        5
 Yara's Violent Unravell  Hex/Tmut       0%         3d3       100%        5


Dungeon Overview and Level Annotations

Branches:
Dungeon (2/15)

Altars:

Shops:
D:1 :

Annotations:
D:2 Crazy Yiuf


Message History

You feel sick.
You feel sick.
You feel sick.
You feel sick.
You feel sick.
You are no longer poisoned.
Key pressed, stopping explore.
Key pressed, stopping explore.
Key pressed, stopping explore.
Key pressed, stopping explore.
Key pressed, stopping explore.
Key pressed, stopping explore.
Key pressed, stopping explore.
Key pressed, stopping explore.
Crazy Yiuf shouts!
You open the door.
Crazy Yiuf hits you with a +3 quarterstaff of chaos.
You are confused.
There is an open translucent door here.
You bump into the stone wall.
Crazy Yiuf hits you with a +3 quarterstaff of chaos.
You feel very mighty all of a sudden.
Crazy Yiuf hits you with a +3 quarterstaff of chaos.
Crazy Yiuf hits you with a +3 quarterstaff of chaos!
You are electrocuted!!
* * * LOW HITPOINT WARNING * * *
You're too confused to move!
You feel less confused. Crazy Yiuf barely misses you.
You feel mightier all of a sudden.
Crazy Yiuf hits you with a +3 quarterstaff of chaos.
* * * LOW HITPOINT WARNING * * *
You feel your power leaking away.
You hit Crazy Yiuf.
Crazy Yiuf is lightly wounded.
Crazy Yiuf barely misses you. x2
You hit Crazy Yiuf.
Crazy Yiuf is moderately wounded.
Crazy Yiuf hits you with a +3 quarterstaff of chaos!
You die...

#.#...# #.# ##...# #.....######
#.#)..# #.# ##.## #...........
......# #.# ##.# #....######)
#.##..###.## #.## #....# #.
...........# ##.# ##'### #.
..##.......# #.## #....# #.
####.......# ##'## #....# #. #
#.......# #.g.# #....# #.
####.......# #.@.# #....# #.
...........# #)..# #....######.
#..#..###'## ##### ##..........
#..#..#....# #.#########
#..#..#....######################
..................'..............
#..#..#...........#####.......###
......#####..........##.......#
##...## #.P.#'..##.##.......###


You could see Crazy Yiuf.

Vanquished Creatures
  Natasha (D:2)
  4 adders (D:2)
  A worm (D:2)
  2 ball pythons
  2 endoplasms (D:1)
  A goblin (D:2)
  3 quokkas
  3 bats
  2 frilled lizards (D:2)
  5 kobolds
  4 rats
28 creatures vanquished.

Vanquished Creatures (others)
  5 plants (D:2)
5 creatures vanquished.

Grand Total: 33 creatures vanquished

Notes
Turn   | Place    | Note
-------+----------+-------------------------------------------
     0 | D:1      | retardedninja the Hill Orc Fighter began the quest for the
                  | Orb.
     0 | D:1      | Reached XP level 1. HP: 19/19 MP: 1/1
   218 | D:1      | Reached XP level 2. HP: 16/27 MP: 2/2
   785 | D:1      | Found Ippeecux's Book Emporium.
  1134 | D:2      | Noticed Natasha
  1146 | D:2      | Noticed a crimson imp
  1147 | D:2      | Killed Natasha
  1148 | D:2      | Reached XP level 3. HP: 22/33 MP: 3/3
  1737 | D:2      | Reached XP level 4. HP: 36/40 MP: 4/4
  2001 | D:2      | Found a runed translucent door.
  2002 | D:2      | Noticed Crazy Yiuf
  2246 | D:2      | Mangled by Crazy Yiuf

Illustrated notes

Levels and vault maps discovered:
D:1:      mainiacjoe_arrival_reflecting_pool, layout_loops_ring, serial_shops,
          nicolae_shop_waterfront
D:2:      cheibrodos_old_hovel, layout_basic, hangedman_decor_peaks_small,
          uniq_crazy_yiuf_cottage, uniq_natasha

Skill      XL: |  1  2  3  4 |
---------------+-------------+-----
Axes           | 3 |  3.8
Fighting       | 4 |  4.4
Armour         | 4 |  4.0
Shields        | 4 |  4.0

Action                   |  1- 3 |  4- 6 || total
-------------------------+-------+-------++-------
Melee: War axe           |    74 |    19 ||    93
  Use: Potion            |       |     1 ||     1
Armor: Scale mail        |    46 |     4 ||    50
Dodge: Dodged            |    20 |    10 ||    30
Block: Buckler           |    18 |     3 ||    21

Table legend: (Time is in decaauts)
 A = Elapsed time spent in this place.
 B = Non-inter-level travel time spent in this place.
 C = Inter-level travel time spent in this place.
 D = Time resting spent in this place.
 E = Time spent auto-exploring this place.
 F = Levels seen in this place.
 G = Mean time per level.
                   A        B        C        D        E       F      G
               +--------+--------+--------+--------+--------+-----+--------+
         Total |   2281 |   2259 |     22 |    553 |   1438 |   2 | 1140.5 |
       Dungeon |   2281 |   2259 |     22 |    553 |   1438 |   2 | 1140.5 |
               +--------+--------+--------+--------+--------+-----+--------+

Top non-repeatable levels by time:
     D:2: 1151 daAuts
     D:1: 1130 daAuts
